 Dungeon Crawl Stone Soup version 0.31-a0-845-g9abc20d24f (webtiles) character file.

Game seed: 16239625597457317677

373748 Dirtsage the Peltast (level 21, -9/170 (172) HPs)
             Began as a Minotaur Fighter on Oct 2, 2023.
             Was a High Priest of Okawaru.
             Killed from afar by Jory (46 damage)
             ... with a crystal spear
             ... on level 5 of the Vaults.
             The game lasted 01:28:16 (37966 turns).

Dirtsage the Peltast (Minotaur Fighter)            Turns: 37966, Time: 01:28:17

HP:   -9/170 (172)  AC: 26    Str: 25    XL:     21   Next: 40%
MP:   27/27         EV: 14    Int:  7    God:    Okawaru [*****.]
Gold: 1407          SH: 25    Dex: 13    Spells: 20/20 levels left

rFire   . . .        W - +6 broad axe (vamp)
rCold   . . .        o - +0 tower shield
rNeg    + . .        c - +0 storm dragon scales
rPois   +            (helmet restricted)
rElec   +            b - scarf {repulsion}
rCorr   +            Z - +2 pair of gloves
SInv    .            A - +1 pair of boots of Qoaluu {Rampage rN+ rCorr}
Will    +....        M - amulet of reflection Stlth
                     P - ring of poison resistance
HPRegen 0.48/turn    H - +4 ring of slaying
MPRegen 0.20/turn

%: repel missiles, reflection, rampage
@: finesse-ful, marked, flayed, slowed, studying Long Blades, lightly drained,
very slow
A: horns 2, retaliatory headbutt, iridescent scales 1, clumsy 1, frail 1, low MP
1
}: 3/15 runes: serpentine, barnacled, slimy
a: Renounce Religion, Heroism, Finesse, Duel


You were on level 5 of the Vaults.
You worshipped Okawaru.
Okawaru was extremely pleased with you.
You visited 8 branches of the dungeon, and saw 39 of its levels.
You also visited: Ossuary and Ice Cave.

You collected 3874 gold pieces.
You spent 2467 gold pieces at shops.

Inventory:

Hand Weapons
 Q - the +11 Singing Sword {sonic wave}
   (You found it on level 5 of the Pits of Slime)
 W - a +6 vampiric broad axe (weapon)
Missiles
 a - 39 boomerangs
 K - 5 curare-tipped darts
 O - 31 silver javelins (quivered)
 T - 4 throwing nets
Armour
 b - a scarf of repulsion (worn)
 c - +0 storm dragon scales (worn)
 o - a +0 tower shield (worn)
 A - the +1 pair of boots of Qoaluu (worn) {Rampage rN+ rCorr}
   (Okawaru gifted it to you on level 2 of the Lair of Beasts)

   rN+:       It protects you from negative energy.
   rCorr:     It protects you from acid and corrosion.
   Rampage:   It bestows one free step when moving towards enemies.
 Z - a +2 pair of gloves (worn)
Jewellery
 u - a ring of flight
 C - the ring of Joxazy {Ice Fly SInv}
   (You found it on level 5 of the Pits of Slime)

   [ring of ice]

   Ice:       It enhances your ice magic.
   rF-:       It makes you vulnerable to fire.
   rC+:       It protects you from cold.
   SInv:      It lets you see invisible.
   Fly:       It grants you flight.
 F - a ring of protection from fire
 H - a +4 ring of slaying (right hand)
 M - an amulet of reflection (around neck)
 P - a ring of poison resistance (left hand)
 S - a ring of see invisible
 V - an amulet of regeneration
Wands
 r - a wand of paralysis (19)
 D - a wand of digging (11)
 I - a wand of iceblast (35)
 U - a wand of flame (15)
 X - a wand of acid (15)
Scrolls
 e - a scroll of summoning
 f - 8 scrolls of revelation
 g - a scroll of fear
 i - 12 scrolls of identify
 k - 7 scrolls of poison
 m - 6 scrolls of noise
 p - 5 scrolls of vulnerability
 t - 13 scrolls of teleportation
 w - 4 scrolls of amnesia
 y - 9 scrolls of fog
 z - 6 scrolls of enchant armour
 B - a scroll of blinking
 J - a scroll of silence
 Y - 11 scrolls of immolation
Potions
 d - 3 potions of might
 h - 2 potions of haste
 j - 5 potions of invisibility
 l - 4 potions of heal wounds
 n - 3 potions of resistance
 q - 9 potions of curing
 s - 7 potions of mutation
 v - 9 potions of enlightenment
 x - a potion of ambrosia
 E - 2 potions of berserk rage
 G - 4 potions of brilliance
 L - 4 potions of attraction
 N - 3 potions of cancellation
 R - 6 potions of lignification


   Skills:
 + Level 17.5 Fighting
 - Level 15.6 Long Blades
 - Level 18.0 Axes
 - Level 12.7 Throwing
 + Level 17.3 Armour
 + Level 15.4 Dodging
 + Level 18.4 Shields
 - Level 13.9 Invocations
 + Level 11.5 Evocations


You had 20 spell levels left.
You didn't know any spells.
Your spell library contained the following spells:

 Spells                   Type           Power      Damage    Failure   Level
 Apportation              Tloc           0%         N/A       97%         1
 Kiss of Death            Conj/Necr      0%         2d5       97%         1
 Shock                    Conj/Air       0%         1d3       97%         1
 Slow                     Hex            0%         N/A       97%         1
 Cigotuvi's Dreadful Rot  Necr/Pois/Air  0%         N/A       99%         2
 Ensorcelled Hibernation  Hex/Ice        0%         N/A       99%         2
 Jinxbite                 Hex            0%         N/A       99%         2
 Lesser Beckoning         Tloc           0%         N/A       99%         2
 Momentum Strike          Conj/Tloc      0%         3d8       99%         2
 Passwall                 Tmut/Erth      0%         N/A       99%         2
 Poisonous Vapours        Pois/Air       0%         N/A       99%         2
 Confusing Touch          Hex            0%         N/A       100%        3
 Dazzling Flash           Conj/Hex       0%         N/A       100%        3
 Gell's Gravitas          Tloc           0%         N/A       100%        3
 Ignite Poison            Fire/Tmut/Pois 0%         N/A       100%        3
 Mephitic Cloud           Conj/Pois/Air  0%         N/A       100%        3
 Ozocubu's Armour         Ice            0%         N/A       100%        3
 Sigil of Binding         Hex            0%         N/A       100%        3
 Stone Arrow              Conj/Erth      0%         3d7       100%        3
 Swiftness                Air            0%         N/A       100%        3
 Teleport Other           Tloc           0%         N/A       100%        3
 Vampiric Draining        Necr           0%         2d6       100%        3
 Volatile Blastmotes      Fire/Tloc      0%         2d10      100%        3
 Airstrike                Air            0%         2d(0-16)  100%        4
 Dimensional Bullseye     Hex/Tloc       0%         N/A       100%        4
 Dispel Undead            Necr           0%         3d6       100%        4
 Fulminant Prism          Conj/Hex       0%         3d5       100%        4
 Iskenderun's Mystic Bla  Conj/Tloc      0%         2d3       100%        4
 Leda's Liquefaction      Hex/Erth       0%         N/A       100%        4
 Passage of Golubria      Tloc           0%         N/A       100%        4
 Agony                    Necr           0%         N/A       100%        5
 Alistair's Intoxication  Tmut/Pois      0%         N/A       100%        5
 Borgnjor's Vile Clutch   Necr/Erth      0%         N/A       100%        5
 Freezing Cloud           Conj/Ice/Air   0%         6-21      100%        5
 Silence                  Hex/Air        0%         N/A       100%        5
 Yara's Violent Unravell  Hex/Tmut       0%         3d3       100%        5
 Ozocubu's Refrigeration  Ice            0%         4d7       100%        7
 Lehudib's Crystal Spear  Conj/Erth      0%         10d2      100%        8
 Call Canine Familiar     Summ           Unusable   N/A       N/A         3
 Tukima's Dance           Hex            Unusable   N/A       N/A         3
 Animate Armour           Summ/Erth      Unusable   N/A       N/A         4
 Animate Dead             Necr           Unusable   N/A       N/A         4
 Death Channel            Necr           Unusable   N/A       N/A         6

Dungeon Overview and Level Annotations

Branches:
Dungeon (13/15)            Temple (1/1) D:5            Lair (5/5) D:8
 Shoals (4/4) Lair:3        Snake (4/4) Lair:2        Slime (5/5) Lair:5
    Orc (2/2) D:12            Elf (0/3) Orc:2        Vaults (5/5) D:13
  Crypt (0/3) Vaults:2    Ossuary (visited)           IceCv (visited)

Altars:
Ashenzari
Cheibriados
Dithmenos
Elyvilon
Fedhas
Gozag
Hepliaklqana
Kikubaaqudgha
Makhleb
Nemelex Xobeh
Okawaru
Qazlal
Ru
Sif Muna
Trog
Uskayaw
Vehumet
Wu Jian
Xom
Yredelemnul
Zin
The Shining One
Jiyva

Shops:
D:3 !   D:13 *   Orc:1 !   Orc:2 ([:[   Snake:1 =::[   Snake:2 (   Snake:3 [
Snake:4 [!*:(   Vaults:2 !

Portals:
Trove: D:13 (lose all piety)

Annotations:
D:3 3 runed translucent doors, MrCrawl's ghost, amateur DrFE
D:13 treasure no piety
Vaults:5 Jory


Innate Abilities, Weirdness & Mutations

You have a pair of horns on your head.
You reflexively headbutt those who attack you in melee.
You are partially covered in iridescent scales. (AC +2)
You are clumsy. (Dex -2)
You are frail. (-10% HP)
Your magical capacity is low. (-10% MP)


Message History

* * * LOW HITPOINT WARNING * * *
The vault sentinel blows a loud note on a signal horn!
The flayed ghost stares at you with tortured malice.
Terrible wounds spread across more of your body!
* * * LOW HITPOINT WARNING * * *
You take 16 damage, and have 11/170 hp.
You feel much better.
Your surroundings suddenly seem different.
An iron dragon, an ettin, a vault warden, Jory and 4 orcs come into view.
Jory is wielding a +5 glaive of protection and wearing a +2 plate armour of willpower.
An orc is wielding a +1 heavy morningstar.
The ice encasing you melts away.
The vault warden activates a sealing rune.
Jory hits you from afar with a +5 glaive of protection!!
* * * LOW HITPOINT WARNING * * *
The orc warrior unwields a +0 glaive.
The orc warrior wields a +2 orcbow of draining.
You sense an unholy aura.
The orc warrior shoots an arrow.
You block the arrow with an invisible shield... and reflect it back!
The arrow completely misses the orc warrior.
Jory completely misses you.
You take 5 damage, and have 6/170 hp.
Aiming: Duel (2% risk of failure)
Press: ? - help, Dir - move target, f - orc
Aim: an orc, wielding a +0 flail and wearing a +0 ring mail The orc is not worthy to be dueled!
Okay, then.
As you read the scroll of fear, it crumbles to dust.
You assume a fearsome visage.
The iron dragon resists with almost no effort.
The ettin looks frightened!
The vault warden looks frightened!
Jory is unaffected.
The orc looks frightened! x2
The orc warrior looks frightened! x2
Jory casts a spell.
Jory attempts to bespell you! You resist with almost no effort.
You feel much better.
The vault warden seems to regain its courage.
Jory points at you and mumbles some strange words.
The crystal spear hits you!!!
You die...
Jory screams, "Yes, yes!"

. #####+ .
###....###o#
##=......o#D#
#)...C.o.o.#
#.....(..Vp#
#..........#
.......@...#
.........?##
#+.....[###
#...#### ##+#


You could see Jory, an iron dragon, a vault warden, an ettin (fleeing), 2 orc
warriors and 2 orcs.

Vanquished Creatures
  the Royal Jelly (Slime:5)
  Mara (Vaults:4)
  Bai Suzhen (Vaults:2)
  Vashnia (Snake:2)
  A golden dragon (Vaults:5)
  Mlioglotl (Shoals:4)
  3 sphinxes
  A titan (Vaults:5)
  2 quicksilver dragons
  Polyphemus (Shoals:3)
  16 acid blobs
  A shadow dragon (Vaults:5)
  Frances (Snake:1)
  2 krakens
  Aizul (Snake:1)
  Roxanne (Shoals:2)
  Agnes (Snake:1)
  Kirke (Snake:1)
  3 tengu reavers
  11 azure jellies
  A storm dragon (Vaults:5)
  8 rockslimes
  5 nagarajas (Snake:4)
  A frost giant (Vaults:4)
  19 vault wardens
  An orc warlord (Vaults:3)
  7 quicksilver oozes
  7 ironbound thunderhulks
  The ghost of orangepiccolo the Severer, a journeyman MiBe of Trog (D:13)
  A war gargoyle (Vaults:5)
  16 ironbound preservers
  9 formless jellyfish
  A deep elf annihilator (D:13)
  12 dire elephants
  2 ettins
  A deep elf death mage (Vaults:5)
  4 merfolk javelineers
  12 merfolk impalers
  13 great orbs of eyes
  A fire dragon (D:13)
  5 entropy weavers
  11 yaktaur captains
  A peacekeeper (Vaults:4)
  8 hydras
  2 salamander tyrants (Snake:4)
  13 centaur warriors
  A catoblepas (Shoals:3)
  30 vault guards
  3 merfolk aquamancers
  12 ironbound frosthearts
  2 two-headed ogres
  A merfolk avatar (Shoals:3)
  An alligator snapping turtle (Shoals:3)
  11 anacondas
  11 naga warriors
  A boulder beetle (Vaults:3)
  A tengu warrior (D:13)
  11 death yaks
  13 naga sharpshooters
  A dancing weapon (Vaults:5)
  4 satyrs
  Sonja (D:12)
  5 shock serpents
  Nergalle (Lair:2)
  5 skysharks
  5 salamander mystics
  21 sea snakes
  A glowing orange brain (Slime:5)
  23 deep trolls
  5 naga ritualists
  9 wizards
  11 lindwurms
  A tengu zombie (Vaults:4)
  A phantasmal warrior (Vaults:5)
  An obsidian statue (D:13)
  18 ironbound convokers
  A deep elf pyromancer (D:13)
  21 harpies
  10 mana vipers
  4 necromancers
  17 manticores
  An orc sorcerer (Orc:2)
  10 shining eyes
  6 orc knights
  4 cyclopes
  8 salamanders
  6 merfolk sirens
  24 fauns
  20 ugly things
  A stone giant skeleton (Vaults:4)
  13 elephants
  39 black mambas
  An ice statue (IceCv)
  Joseph (Lair:1)
  An elephant (shapeshifter) (D:13)
  A torpor snail (Lair:4)
  8 guardian serpents (Snake:4)
  2 eyes of devastation
  15 naga magi
  3 water nymphs
  A gargoyle (D:11)
  15 cane toads
  23 vault sentinels
  2 unseen horrors
  9 komodo dragons
  2 anaconda simulacra (IceCv)
  13 ice devils (IceCv)
  5 freezing wraiths (IceCv)
  9 rime drakes
  A kobold demonologist (D:9)
  34 yaktaurs
  A tengu conjurer (D:13)
  4 trolls
  28 merfolk
  4 wind drakes
  5 polar bears (Lair:5)
  A yaktaur skeleton (Vaults:3)
  A polar bear (shapeshifter) (D:13)
  6 dream sheep (Lair:5)
  8 hornets
  7 snapping turtles
  7 blink frogs
  A slime creature (shapeshifter) (Vaults:3)
  Sigmund (D:4)
  A culicivora (Vaults:4)
  53 slime creatures
  A shadow (D:12)
  12 spriggans (Lair:5)
  38 yaks
  2 vampires
  13 water elementals
  A wraith (D:6)
  6 wyverns
  2 death yak simulacra (IceCv)
  5 hogs (Snake:1)
  6 vampire mosquitoes
  5 basilisks
  2 steam dragons
  36 nagas
  4 wargs
  Duvessa (D:6)
  3 hydra simulacra (IceCv)
  19 water moccasins
  28 orc warriors
  2 ice beasts
  A sky beast (D:6)
  3 black bears (Lair:5)
  5 boggarts
  8 centaurs
  6 ogres
  31 wolves
  A phantom (D:5)
  5 kobold brigands
  An elf zombie (D:4)
  10 bullfrogs
  A gnoll sergeant (D:11)
  3 scorpions
  3 cane toad simulacra (IceCv)
  An elf skeleton (D:4)
  2 water moccasin zombies (Ossuary)
  15 wights
  Dowan (D:6)
  17 killer bees
  7 electric eels
  8 elephant simulacra (IceCv)
  3 lava snakes (Lair:2)
  5 jellies
  A human simulacrum (Vaults:4)
  9 orc priests
  A gnoll bouda (D:7)
  3 human zombies
  Jessica (D:2)
  2 iguanas
  2 human skeletons
  14 orc wizards
  7 hell rats (Lair:2)
  4 polar bear simulacra (IceCv)
  A spriggan simulacrum (IceCv)
  A troll simulacrum (IceCv)
  3 wolf simulacra (IceCv)
  2 mummies (Ossuary)
  9 gnolls
  7 adders
  A naga simulacrum (IceCv)
  A white imp (IceCv)
  2 ufetubi (IceCv)
  4 adder zombies (Ossuary)
  A worm (D:4)
  5 dart slugs
  60 orcs
  5 ball pythons
  9 endoplasms
  2 giant cockroaches (D:1)
  4 gnoll zombies (Ossuary)
  5 goblins
  10 hobgoblins
  35 kobolds
  A quokka (D:2)
  9 bats
  2 frilled lizards (D:1)
  6 hobgoblin zombies (Ossuary)
  3 kobold zombies (Ossuary)
  2 orc skeletons (D:4)
  8 orc zombies (Ossuary)
  3 rats (D:3)
  A spectral weapon (Vaults:2)
  4 tentacles
1456 creatures vanquished.

Vanquished Creatures (others)
  A guardian serpent (Snake:4)
  A naga (Snake:4)
  An orc warrior (Vaults:5)
  A wight (D:8)
  An orc wizard (Orc:2)
  An orc (Vaults:5)
  2 starspawn tentacles (Shoals:4)
  10 tentacles
18 creatures vanquished.

Grand Total: 1474 creatures vanquished

Notes
Turn   | Place    | Note
-------+----------+-------------------------------------------
     0 | D:1      | Dirtsage the Minotaur Fighter began the quest for the Orb.
     0 | D:1      | Reached XP level 1. HP: 19/19 MP: 0/0
   118 | D:1      | Reached XP level 2. HP: 24/26 MP: 1/1
   401 | D:1      | Reached XP level 3. HP: 29/31 MP: 2/2
  1113 | D:2      | Reached skill level 5 in Axes
  1148 | D:2      | Noticed Jessica
  1150 | D:2      | Killed Jessica
  1151 | D:2      | Reached XP level 4. HP: 39/39 MP: 3/3
  1223 | D:2      | Found a faded altar of an unknown god.
  1490 | D:3      | Found a sacrificial altar of Ru.
  1534 | D:3      | Found a shadowy altar of Dithmenos.
  1649 | D:3      | Found an iron altar of Okawaru.
  1652 | D:3      | Became a worshipper of Warmaster Okawaru
  1794 | D:3      | Found a runed translucent gate.
  1794 | D:3      | Found a runed translucent gate.
  1797 | D:3      | Found a runed translucent gate.
  1859 | D:3      | Found a hide-covered altar of Uskayaw.
  1896 | D:3      | Noticed MrCrawl's ghost (amateur DrFE)
  1988 | D:3      | Found Ecvoohek's Distillery.
  2230 | D:4      | Noticed Sigmund
  2246 | D:4      | Killed Sigmund
  2246 | D:4      | Reached * piety under Okawaru
  2247 | D:4      | Reached XP level 5. HP: 40/45 MP: 3/5
  2247 | D:4      | Reached XP level 6. HP: 45/51 MP: 3/6
  2573 | D:4      | Found a sand-covered staircase.
  2629 | Ossuary  | Entered an ossuary
  2731 | Ossuary  | Reached XP level 7. HP: 57/57 MP: 8/8
  2762 | Ossuary  | Reached ** piety under Okawaru
  2917 | D:4      | Identified the +1 war axe of Midwinter {heavy, rC- rN++
                  | Int+5}
  3225 | D:4      | Found an opulent altar of Gozag.
  3410 | D:5      | Entered Level 5 of the Dungeon
  3714 | D:5      | Found a staircase to the Ecumenical Temple.
  3730 | D:5      | Reached skill level 10 in Axes
  3730 | D:5      | Reached XP level 8. HP: 36/64 MP: 5/10
  3858 | Temple   | Entered the Ecumenical Temple
  4035 | D:5      | You fall into a shaft and drop 1 floor!
  4151 | D:6      | Noticed Duvessa
  4151 | D:6      | Noticed Dowan
  4163 | D:6      | Killed Duvessa
  4164 | D:6      | Reached skill level 1 in Dodging
  4164 | D:6      | Reached skill level 5 in Invocations
  4164 | D:6      | Killed Dowan
  4384 | D:5      | Reached *** piety under Okawaru
  5146 | D:6      | Reached XP level 9. HP: 52/72 MP: 7/12
  5364 | D:6      | Reached skill level 5 in Fighting
  5364 | D:6      | Reached skill level 5 in Armour
  5775 | D:7      | Reached skill level 5 in Shields
  6319 | D:8      | Paralysed by a hornet for 2 turns
  6322 | D:8      | Reached **** piety under Okawaru
  6737 | D:8      | Found a staircase to the Lair.
  7260 | D:9      | Noticed a troll
  7269 | D:9      | Reached XP level 10. HP: 81/83 MP: 13/13
  7301 | D:9      | Reached ***** piety under Okawaru
  7572 | D:9      | Received a gift from Okawaru
  7657 | D:9      | Found an ornate altar of the Wu Jian Council.
  7893 | D:10     | Entered Level 10 of the Dungeon
  8042 | D:10     | Reached skill level 1 in Throwing
  8045 | D:10     | Reached skill level 5 in Dodging
  8505 | D:10     | Found a burning altar of Makhleb.
  8505 | D:10     | Noticed a blizzard demon
  8773 | D:11     | Noticed a two-headed ogre
  8781 | D:11     | Killed a two-headed ogre
  8781 | D:11     | Received a gift from Okawaru
  8897 | D:11     | Noticed a cyan ugly thing
  8911 | D:11     | Reached XP level 11. HP: 85/92 MP: 15/15
  9684 | Lair:1   | Entered Level 1 of the Lair of Beasts
  9869 | Lair:1   | Noticed Nergalle
  9870 | Lair:1   | Noticed a spectral orc warlord
  9934 | Lair:1   | Received a gift from Okawaru
 10639 | Lair:1   | Noticed Joseph
 10648 | Lair:1   | Killed Joseph
 11107 | Lair:2   | Noticed a death yak
 11109 | Lair:2   | Noticed a death yak
 11110 | Lair:2   | Noticed a death yak
 11128 | Lair:2   | Killed a death yak
 11131 | Lair:2   | Killed a death yak
 11141 | Lair:2   | Killed a death yak
 11142 | Lair:2   | Reached XP level 12. HP: 60/103 MP: 9/17
 11144 | Lair:2   | Received a gift from Okawaru
 11178 | Lair:2   | Reached ****** piety under Okawaru
 11179 | Lair:2   | Acquired a +4 vampiric broad axe
 11179 | Lair:2   | Received a gift from Okawaru
 11183 | Lair:2   | Acquired the +1 pair of boots of Qoaluu {Rampage rN+ rCorr}
 11183 | Lair:2   | Received a gift from Okawaru
 11306 | Lair:2   | Killed Nergalle
 11362 | Lair:2   | Found a staircase to the Snake Pit.
 11379 | Lair:2   | Got a peculiar book
 11530 | Lair:2   | Noticed a five-headed hydra
 11541 | Lair:2   | Killed a five-headed hydra
 12473 | Lair:3   | Noticed a seven-headed hydra
 12486 | Lair:3   | HP: 3/104 [seven-headed hydra (8)]
 12489 | Arena    | Entered the Arena
 12493 | Arena    | Received a gift from Okawaru
 12494 | Arena    | Reached skill level 15 in Axes
 12494 | Arena    | Reached skill level 5 in Throwing
 12510 | Lair:3   | Killed a seven-headed hydra
 12571 | Lair:3   | Found a staircase to the Shoals.
 12614 | Lair:3   | Found a frozen archway.
 12625 | IceCv    | Entered an ice cave
 12835 | IceCv    | Received a gift from Okawaru
 12976 | IceCv    | Found an ancient bone altar of Kikubaaqudgha.
 12987 | IceCv    | Reached XP level 13. HP: 65/112 MP: 10/18
 13265 | IceCv    | Reached skill level 10 in Fighting
 13265 | IceCv    | Reached skill level 10 in Armour
 13293 | IceCv    | Received a gift from Okawaru
 13346 | IceCv    | Identified the ring "Biomox" {rN+ rCorr Str+2 Int+3 Stlth+}
 13529 | Lair:3   | Reached skill level 10 in Shields
 13536 | Lair:3   | Received a gift from Okawaru
 14597 | Lair:4   | Received a gift from Okawaru
 15099 | Lair:5   | Entered Level 5 of the Lair of Beasts
 15105 | Lair:5   | Received a gift from Okawaru
 15106 | Lair:5   | Reached XP level 14. HP: 124/124 MP: 20/20
 15204 | Lair:5   | Reached skill level 10 in Invocations
 15302 | Lair:5   | Found the +8 storm bow {elec, penet}
 15362 | Lair:5   | Received a gift from Okawaru
 15365 | Lair:5   | Paralysed by a hornet for 3 turns
 15841 | Lair:5   | Received a gift from Okawaru
 15932 | Lair:5   | Reached skill level 10 in Dodging
 16010 | Lair:5   | Found a staircase to the Slime Pits.
 16023 | Lair:5   | Found a viscous altar of Jiyva.
 16866 | D:12     | Found a staircase to the Orcish Mines.
 17572 | D:12     | Noticed Sonja
 17581 | D:12     | Killed Sonja
 17887 | Orc:1    | Entered Level 1 of the Orcish Mines
 17889 | Orc:1    | You fall into a shaft and drop 1 floor!
 17889 | Orc:2    | Entered Level 2 of the Orcish Mines
 17944 | Orc:1    | Found the +8 demon blade "Leech" {evervamp, Harm Drain rN+}
 17944 | Orc:1    | Found Qamiash's Distillery.
 17966 | Orc:1    | Received a gift from Okawaru
 18449 | Orc:2    | Found a staircase to the Elven Halls.
 18505 | Orc:2    | Reached skill level 1 in Evocations
 18537 | Orc:2    | Reached XP level 15. HP: 130/132 MP: 21/21
 18948 | Orc:2    | Found Cirghu's Book Shoppe.
 18948 | Orc:2    | Found Cigoezala's Armour Shop.
 18950 | Orc:2    | Found Jidut's Weapon Boutique.
 18952 | Orc:2    | Found Zaoranu's Armour Emporium.
 18967 | Orc:2    | Bought the +8 chain mail "Enevehiz" {-Cast Str+2 SInv} for
                  | 793 gold pieces
 18967 | Orc:2    | Bought a +2 pair of gloves for 247 gold pieces
 19147 | Shoals:1 | Entered Level 1 of the Shoals
 19299 | Shoals:1 | Received a gift from Okawaru
 19989 | Shoals:2 | Received a gift from Okawaru
 20644 | Shoals:2 | Noticed Roxanne
 20692 | Shoals:2 | Killed Roxanne
 20811 | Shoals:2 | Noticed a kraken
 20821 | Shoals:2 | Killed a kraken
 21310 | Shoals:3 | Received a gift from Okawaru
 21511 | Shoals:3 | Noticed Polyphemus
 21538 | Shoals:3 | Killed Polyphemus
 21543 | Shoals:3 | Reached XP level 16. HP: 143/143 MP: 19/23
 21545 | Shoals:3 | Received a gift from Okawaru
 21728 | Shoals:3 | Noticed a kraken
 21740 | Shoals:3 | Killed a kraken
 22248 | Shoals:4 | Entered Level 4 of the Shoals
 22398 | Shoals:4 | Received a gift from Okawaru
 23081 | Shoals:4 | Noticed Mlioglotl
 23083 | Shoals:4 | Noticed a tentacled starspawn
 23083 | Shoals:4 | Noticed an Executioner
 23412 | Shoals:4 | Reached skill level 10 in Throwing
 23422 | Shoals:4 | Received a gift from Okawaru
 23450 | Shoals:4 | Killed Mlioglotl
 23668 | Shoals:4 | Identified the staff "Lieffipa" {rCorr Dex+2 Earth}
 23826 | Shoals:4 | Got a barnacled rune of Zot
 24406 | D:13     | Found a runed translucent gate.
 24406 | D:13     | Found a runed translucent gate.
 24409 | D:13     | Found a runed translucent gate.
 24541 | Snake:1  | Entered Level 1 of the Snake Pit
 24558 | Snake:1  | Reached skill level 5 in Evocations
 24601 | Snake:1  | Noticed Kirke
 24614 | Snake:1  | Killed Kirke
 24681 | Snake:1  | Received a gift from Okawaru
 24738 | Snake:1  | Found Wigeli's Antique Armour Emporium.
 24757 | Snake:1  | Noticed Aizul
 24761 | Snake:1  | Noticed Frances
 24780 | Snake:1  | Killed Aizul
 24787 | Snake:1  | Killed Frances
 24787 | Snake:1  | Noticed Agnes
 24797 | Snake:1  | Killed Agnes
 25073 | Snake:1  | Found Uferenoam's Jewellery Boutique.
 25074 | Snake:1  | Found Okeneam's Book Shoppe.
 25074 | Snake:1  | Found Zyahuovu's Book Shoppe.
 25306 | Snake:2  | Received a gift from Okawaru
 25336 | Snake:2  | Reached XP level 17. HP: 152/152 MP: 25/25
 25416 | Snake:2  | Noticed Vashnia
 25448 | Snake:2  | Killed Vashnia
 25638 | Snake:2  | Found Uskiaf's Antique Weapon Shop.
 25871 | Snake:2  | Received a gift from Okawaru
 26778 | Snake:3  | Received a gift from Okawaru
 26942 | Snake:3  | Identified the +2 pair of boots of Baldness {rPois}
 27097 | Snake:3  | Found Vishabakagh's Dragon-Slaying Spoils.
 27177 | Snake:3  | Bought +0 storm dragon scales for 1040 gold pieces
 27251 | Snake:4  | Entered Level 4 of the Snake Pit
 27365 | Snake:4  | Found Xoblag's Assorted Antiques.
 27383 | Snake:4  | Bought a scroll of enchant weapon for 195 gold pieces
 27387 | Snake:4  | Found Vemops's Distillery.
 27621 | Snake:4  | Received a gift from Okawaru
 27651 | Snake:4  | Reached skill level 15 in Fighting
 27666 | Snake:4  | Reached XP level 18. HP: 125/163 MP: 26/26
 27719 | Snake:4  | Got a serpentine rune of Zot
 27916 | Snake:4  | Found Ilirrad's Antique Weapon Boutique.
 28079 | Snake:4  | Found Loohiotoe's Armour Emporium.
 28199 | Snake:4  | Found Ugysmam's Book Shoppe.
 28492 | Slime:1  | Entered Level 1 of the Pits of Slime
 28500 | Slime:1  | Reached skill level 15 in Armour
 28774 | Slime:2  | Received a gift from Okawaru
 28780 | Slime:2  | Gained mutation: Armour fits poorly on your strangely
                  | shaped body. [a shining eye]
 28982 | Slime:2  | Gained mutation: You do not regenerate when monsters are
                  | visible. [a shining eye]
 29430 | Slime:1  | Lost mutation: You do not regenerate when monsters are
                  | visible. [potion of mutation]
 29430 | Slime:1  | Lost mutation: Armour fits poorly on your strangely shaped
                  | body. [potion of mutation]
 29430 | Slime:1  | Gained mutation: You are frail. (-10% HP) [potion of
                  | mutation]
 29430 | Slime:1  | Gained mutation: You are partially covered in iridescent
                  | scales. (AC +2) [potion of mutation]
 29676 | Slime:3  | Gained mutation: Your magical capacity is low. (-10% MP) [a
                  | shining eye]
 29808 | Slime:4  | Gained mutation: You are clumsy. (Dex -2) [a shining eye]
 29828 | Slime:4  | Reached skill level 15 in Shields
 29831 | Slime:4  | Received a gift from Okawaru
 29872 | Slime:5  | Entered Level 5 of the Pits of Slime
 30007 | Slime:5  | Found a viscous altar of Jiyva.
 30007 | Slime:5  | Found the +11 Singing Sword {sonic wave}
 30008 | Slime:5  | Noticed the Royal Jelly
 30014 | Slime:5  | Paralysed by a great orb of eyes for 2 turns
 30042 | Slime:5  | Killed the Royal Jelly
 30089 | Slime:5  | Received a gift from Okawaru
 30122 | Slime:5  | Identified the ring of Joxazy {Ice Fly SInv}
 30125 | Slime:5  | Got a slimy rune of Zot
 30149 | Slime:5  | Identified the staff "Dorphuex" {*Slow rN++ rCorr Conj}
 30192 | Slime:5  | Identified the +1 plate armour of Zin's Pride {Will+ Regen+
                  | Str+3 Dex+3}
 30220 | Slime:5  | Identified the staff of Generosity {rPois rCorr Str+2 Int+3
                  | Poison}
 30225 | Slime:5  | Got a peculiar book
 30420 | Slime:2  | Paralysed by a formless jellyfish for 1 turns
 30429 | Slime:2  | Reached skill level 1 in Long Blades
 30749 | D:13     | Found an opulent altar of Gozag.
 30749 | D:13     | Found Miudd's Assorted Antiques.
 30750 | D:13     | Noticed orangepiccolo's ghost (journeyman MiBe)
 30793 | D:13     | Killed orangepiccolo's ghost
 30858 | D:13     | Bought 2 scrolls of teleportation for 192 gold pieces
 30906 | D:13     | Found a portal to a secret trove of treasure.
 31025 | D:13     | Reached XP level 19. HP: 141/154 MP: 25/25
 31038 | D:13     | Found a gate to the Vaults.
 31052 | Vaults:1 | Entered Level 1 of the Vaults
 31380 | Vaults:1 | Paralysed by a great orb of eyes for 5 turns
 31527 | Vaults:1 | Received a gift from Okawaru
 31623 | Vaults:1 | Identified the +7 rapier of Parts Unknown {freeze, Dex+3}
 32410 | Vaults:1 | Reached skill level 5 in Long Blades
 32828 | Vaults:2 | Received a gift from Okawaru
 32903 | Vaults:2 | Noticed Bai Suzhen
 32929 | Vaults:2 | Killed Bai Suzhen
 33339 | Vaults:2 | Found a staircase to the Crypt.
 33339 | Vaults:2 | Found a basalt altar of Yredelemnul.
 33340 | Vaults:2 | Found an ancient bone altar of Kikubaaqudgha.
 33608 | Vaults:2 | Reached skill level 10 in Long Blades
 33855 | Vaults:2 | Received a gift from Okawaru
 33936 | Vaults:2 | Identified the +0 ring mail of the Vestibule of Hell {rC+}
 34016 | Vaults:2 | Paralysed by a formless jellyfish for 1 turns
 34022 | Vaults:2 | Reached XP level 20. HP: 139/162 MP: 26/26
 34085 | Vaults:2 | Found Tesug's Distillery.
 34824 | Vaults:3 | Received a gift from Okawaru
 34887 | Vaults:3 | Reached skill level 10 in Evocations
 34955 | Vaults:3 | Reached skill level 15 in Long Blades
 35237 | Vaults:3 | Received a gift from Okawaru
 36428 | Vaults:4 | Noticed Mara
 36437 | Vaults:4 | Noticed Dirtsage's illusion
 36460 | Vaults:4 | Noticed Dirtsage's illusion
 36489 | Vaults:4 | Noticed Dirtsage's illusion
 36489 | Vaults:4 | Killed Mara
 36787 | Vaults:4 | Received a gift from Okawaru
 37212 | Vaults:4 | Identified the +0 robe "Zelow" {rElec rN+ Will- Int+4}
 37513 | Vaults:4 | Received a gift from Okawaru
 37717 | Vaults:4 | Reached XP level 21. HP: 171/171 MP: 27/27
 37724 | Vaults:4 | Reached skill level 15 in Dodging
 37732 | Vaults:4 | Paralysed by a formless jellyfish for 1 turns
 37855 | Vaults:5 | Entered Level 5 of the Vaults
 37896 | Vaults:5 | Noticed a golden dragon
 37913 | Vaults:5 | Received a gift from Okawaru
 37921 | Vaults:5 | Killed a golden dragon
 37964 | Vaults:5 | Noticed Jory
 37964 | Vaults:5 | HP: 6/170 [Jory/+5 glaive of protection (20)]
 37966 | Vaults:5 | Killed from afar by Jory

Illustrated notes

Levels and vault maps discovered:
D:1:      dpeg_cavernosity, layout_loops_ring
D:2:      layout_loops_ring, basic_ecumenical_altar, uniq_jessica
D:3:      layout_basic, mainiacjoe_overflow_catwalk,
          mainiacjoe_overflow_boulevard, okawaru_metal_pillars_1_2,
          nicolae_dithmenos_shadow_blocks, gammafunk_ghost_icy, serial_shops,
          shop
D:4:      layout_basic, general_overflow_altar, nicolae_ossuary_entry_catacombs,
          nicolae_twisty_statue_hallways, uniq_sigmund
D:5:      layout_basic, minmay_temple_entry_trees, grunt_decor_fettered,
          minmay_liquid_box
D:6:      layout_basic, uniq_duvessa
D:7:      layout_rooms
D:8:      layout_basic, dpeg_oklobed_lair
D:9:      layout_rooms, mainiacjoe_overflow_tiny_flanked
D:10:     layout_loops_ring, makhleb_altar_promises_db
D:11:     layout_loops_cross, columned_hall_lemuel
D:12:     nicolae_moon_pools, layout_small_grid, uniq_sonja
D:13:     layout_cross, david_vaults_5, nicolae_trove_entry_crossroad,
          ebering_ghost_gozag
Temple:   nicolae_temple_no_exploring_needed
Lair:1:   layout_long_grid, infiniplex_staircase_pool_2, uniq_joseph,
          uniq_nergalle
Lair:2:   layout_small_grid, nicolae_snake_entry_warm_welcome,
          serial_bayou_shore_b
Lair:3:   layout_concentric_octagons, nicolae_shoals_entry_roost,
          portal_ice_cave_rime, grunt_megastairs_2, infiniplex_staircase_pool
Lair:4:   layout_roguey, chequers_serial_rivers_micro_b
Lair:5:   minmay_lair_end_enchanted_forest, layout_regular_city,
          nicolae_slime_entry_field_trip
Shoals:1: layout_shoals
Shoals:2: layout_shoals, uniq_roxanne
Shoals:3: layout_shoals, uniq_polyphemus
Shoals:4: shoals_end_grunt_garden, layout_shoals, uniq_mlioglotl
Snake:1:  layout_onion, serial_shops, nicolae_shop_crystal,
          nicolae_triple_integral, lemuel_fruit_tree, minmay_shop_grove,
          uniq_frances, uniq_agnes, uniq_aizul, uniq_kirke
Snake:2:  layout_chambers, serial_shops,
          nicolae_shop_competitors_out_of_business, nicolae_snake_snake_lake,
          drop_trap, uniq_vashnia
Snake:3:  layout_rooms, serial_bayou, serial_bayou_pond_a, serial_bayou_ford_a,
          serial_bayou_shore_b, serial_bayou_pond_a, st_stairs_1,
          nicolae_shop_dragon_depot, grunt_megastairs_5
Snake:4:  grunt_snake_rune_serpentine_throne, layout_cave_town, serial_shops,
          shop, nicolae_shop_behind_doors, shop, nicolae_lakefront_shop, shop
Slime:1:  layout_caves
Slime:2:  layout_caves, nicolae_slime_round_cave
Slime:3:  layout_caves, nicolae_slime_welcoming_committee
Slime:4:  layout_caves, special_room [special_room_jelly]
Slime:5:  slime_pit
Orc:1:    layout_caves, serial_shops, shop_statue,
          dreamdust_deal_with_the_devil, mines4_lemuel, uniq_josephine
Orc:2:    st_orc_rangers, layout_caves, mines2_david
Vaults:1: v_misc_5, dpeg_vaults_hating_casters, nicolae_vaults_network_square,
          ontoclasm_vaults_loading_screen, nicolae_vaults_network_s,
          hangedman_vaults_trim, nicolae_vaults_little_ls,
          ontoclasm_vaults_decontamination, nicolae_vaults_trapezoid_lopsided_1,
          layout_vaults_chaotic_city
Vaults:2: nicolae_vaults_triangles, hangedman_vaults_stream,
          grunt_vaults_trifunnel, v_pattern_5, v_rooms_4,
          nicolae_vaults_wine_cellar, v_misc_24,
          nicolae_vaults_shipping_containers_4, nicolae_vaults_tetromino_L_1,
          nicolae_vaults_little_squares_3, minmay_crypt_entry_necro_gods,
          layout_vaults_omnicross, serial_shops, shop, uniq_bai_suzhen
Vaults:3: v_misc_18, hangedman_vaults_cutoff, ontoclasm_vaults_eye,
          hangedman_vaults_hat, vaults_room_pool, dpeg_vaults_monster_doublerow,
          nicolae_vaults_cochlea, nicolae_vaults_tetromino_Z_1,
          hangedman_vaults_stagger, v_rooms_5, nicolae_vaults_house_1,
          ontoclasm_vaults_shuriken, layout_vaults_maze_bifur
Vaults:4: v_rooms_3, vaults_room_stairs_pillars, ontoclasm_vaults_pinch,
          hangedman_vaults_unwind, nicolae_vaults_more_shelving_2,
          vaults_room_boxed, nicolae_vaults_little_squares_6,
          nicolae_vaults_security_offices_4, nicolae_vaults_double_plus_3,
          nicolae_vaults_heist, nicolae_vaults_border_crossing,
          nicolae_vaults_rhombus_5, layout_vaults_ring, uniq_mara
Vaults:5: serial_shops, uniq_jory, uniq_margery, uniq_saint_roka

Skill      XL: |  1  2  3  4  5  6  7  8  9 10 11 12 13 14 15 16 17 18 19 20 21 |
---------------+----------------------------------------------------------------+-----
Axes           | 3 4 5 7 8 10 11 12 13 14 15 16 17 18 | 18.0
Invocations    | 2 3 4 5 6 7 8 9 10 11 12 13 | 13.9
Fighting       | 4 6 7 8 9 11 12 13 14 15 16 17 | 17.5
Armour         | 4 6 7 8 9 10 12 13 14 15 16 17 | 17.3
Dodging        | 2 4 5 6 8 9 10 11 12 13 14 15 | 15.4
Shields        | 4 5 7 8 9 10 11 12 13 14 15 16 17 18 | 18.4
Throwing       | 2 4 5 7 8 9 10 11 12 | 12.7
Evocations     | 1 3 5 6 8 9 11 | 11.5
Long Blades    | 3 12 15 | 15.6

Action                     |  1- 3 |  4- 6 |  7- 9 | 10-12 | 13-15 | 16-18 | 19-21 || total
---------------------------+-------+-------+-------+-------+-------+-------+-------++-------
  Melee: War axe           |    66 |   144 |   283 |   296 |       |       |       ||   789
         Headbutt          |     8 |    23 |    40 |   106 |   250 |   324 |   387 ||  1138
         Broad axe         |       |       |       |   156 |   984 |  1181 |  1178 ||  3499
         Flail             |       |       |       |    10 |       |       |       ||    10
         Double sword      |       |       |       |       |       |       |    42 ||    42
  Throw: Javelin           |       |       |       |       |     3 |     9 |     2 ||    14
         Dart              |       |       |       |       |     2 |     1 |       ||     3
         Boomerang         |       |       |       |       |       |     5 |       ||     5
 Invoke: Heroism           |       |       |     3 |     5 |     7 |    13 |     4 ||    32
         Finesse           |       |       |       |     2 |     2 |    10 |     6 ||    20
         Duel              |       |       |       |     1 |       |       |       ||     1
         Receive Weapon    |       |       |       |     1 |       |       |       ||     1
         Receive Armour    |       |       |       |     1 |       |       |       ||     1
  Evoke: Wand              |       |       |       |     1 |     2 |     3 |       ||     6
    Use: Scroll            |       |     6 |     4 |     5 |    14 |     9 |     4 ||    42
         Potion            |       |       |     1 |     5 |       |    12 |     6 ||    24
   Stab: Invisible         |       |       |       |     2 |       |    10 |     4 ||    16
         Paralysed         |       |       |       |       |     1 |       |       ||     1
         Petrified         |       |       |       |       |    16 |       |       ||    16
 Armour: Scale mail        |    46 |    56 |   204 |   305 |       |       |       ||   611
         Chain mail        |       |       |       |     9 |   739 |   443 |       ||  1191
         Storm dragon scal |       |       |       |       |       |   283 |   748 ||  1031
  Dodge: Dodged            |    29 |    53 |   117 |   187 |   398 |   404 |   338 ||  1526
         Repelled          |       |       |       |       |       |    17 |     3 ||    20
  Block: Buckler           |    19 |    25 |    64 |   260 |   551 |   228 |       ||  1147
         Reflection        |       |       |       |     6 |    53 |    85 |    58 ||   202
         Kite shield       |       |       |       |       |       |   617 |   512 ||  1129
         Tower shield      |       |       |       |       |       |       |   449 ||   449

Table legend: (Time is in decaauts)
 A = Elapsed time spent in this place.
 B = Non-inter-level travel time spent in this place.
 C = Inter-level travel time spent in this place.
 D = Time resting spent in this place.
 E = Time spent auto-exploring this place.
 F = Levels seen in this place.
 G = Mean time per level.
                   A        B        C        D        E       F      G
               +--------+--------+--------+--------+--------+-----+--------+
         Total |  36892 |  34627 |   2265 |   4056 |  24297 |  42 |  878.4 |
       Dungeon |  11454 |  10592 |    862 |    821 |   8280 |  13 |  881.1 |
        Temple |      1 |      1 |      0 |      0 |      0 |   1 |    1.0 |
          Lair |   6253 |   5691 |    562 |    389 |   4404 |   5 | 1250.6 |
        Shoals |   4880 |   4691 |    189 |    841 |   3015 |   4 | 1220.0 |
     Snake Pit |   3688 |   3418 |    270 |      0 |   2705 |   4 |  922.0 |
    Slime Pits |   1950 |   1862 |     88 |    874 |    376 |   5 |  390.0 |
  Orcish Mines |   1097 |   1055 |     42 |      0 |    854 |   2 |  548.5 |
        Vaults |   6493 |   6243 |    250 |   1065 |   4028 |   5 | 1298.6 |
       Ossuary |    274 |    274 |      0 |     66 |     83 |   1 |  274.0 |
      Ice Cave |    785 |    785 |      0 |      0 |    550 |   1 |  785.0 |
         Arena |     14 |     14 |      0 |      0 |      0 |   1 |   14.0 |
               +--------+--------+--------+--------+--------+-----+--------+

Top non-repeatable levels by time:
Shoals:3: 1750 daAuts
Vaults:2: 1714 daAuts
Vaults:4: 1628 daAuts
Vaults:1: 1620 daAuts
Vaults:3: 1479 daAuts
  Lair:1: 1418 daAuts
  Lair:5: 1411 daAuts
  Lair:2: 1375 daAuts
 Snake:2: 1369 daAuts
    D:12: 1343 daAuts
     D:5: 1333 daAuts
Shoals:4: 1294 daAuts
  Lair:3: 1259 daAuts
     D:8: 1112 daAuts
 Snake:4: 1025 daAuts
